 Dungeon Crawl Stone Soup version 0.22-a0-373-gab1296c (webtiles) character file.

217 ohad the Slasher (level 5, -4/38 HPs)
             Began as a Demonspawn Gladiator on Apr 25, 2018.
             Killed by divine providence
             ... invoked by an orc priest
              (13 damage)
             ... on level 4 of the Dungeon.
             The game lasted 00:03:11 (1603 turns).

ohad the Slasher (Demonspawn Gladiator)             Turns: 1603, Time: 00:03:12

Health: -4/38      AC: 18    Str: 14    XL:     5   Next: 62%
Magic:  5/5        EV:  5    Int: 14    God:
Gold:   88         SH:  0    Dex: 15    Spells: 4/4 levels left

rFire    . . .     SeeInvis .   o - +2 long sword "Weostrod" {drain, Int+4} (curse)
rCold    . . .     Gourm    .   (no shield)
rNeg     . . .     Faith    .   h - +0 plate armour
rPois    .         Spirit   .   l - +1 hat
rElec    .         Reflect  .   (no cloak)
rCorr    .         Harm     .   (no gloves)
MR       .....                  (no boots)
Stlth    ..........             (no amulet)
HPRegen  0.12/turn              (no ring)
MPRegen  0.09/turn              (no ring)

@: sanguine armour
A: horns 1, spiny 1, sanguine armour 1
a: no special abilities


You were on level 4 of the Dungeon.
You were not hungry.

You visited 1 branch of the dungeon, and saw 3 of its levels.

You collected 88 gold pieces.

Inventory:

Hand Weapons
 a - a +0 long sword
 o - the cursed +2 long sword "Weostrod" (weapon) {drain, Int+4}
   (You found it on level 4 of the Dungeon)

   A truly terrible weapon, it drains the life of those it strikes.
   It affects your intelligence (+4).
   It has a curse placed upon it.
Missiles
 d - a throwing net (quivered)
Armour
 b - a +0 leather armour
 c - a +0 helmet
 g - a +0 ring mail
 h - a +0 plate armour (worn)
 l - a +1 hat (worn)
 n - a +0 scale mail
Scrolls
 e - 2 scrolls of identify {unknown}
 k - a scroll of remove curse {unknown}
Potions
 j - a potion of flight {unknown}
 m - 2 potions of curing {unknown}
Comestibles
 f - 3 rations
 i - a chunk of flesh


   Skills:
 - Level 2.0 Fighting
 + Level 4.7 Long Blades
 - Level 1.7 Throwing
 - Level 3.0 Armour
 - Level 2.6 Dodging


You had 4 spell levels left.
You didn't know any spells.

Dungeon Overview and Level Annotations

Branches:
Dungeon (4/15)
 Temple: D:4-7

Altars:
Yredelemnul
The Shining One


Innate Abilities, Weirdness & Mutations

You have a pair of small horns on your head.
You are partially covered in sharp spines.
When seriously injured, your bleeding wounds create armour. (AC +6)


Message History

Your plate armour prevents you from hitting the orc.
You headbutt the orc.
The orc is lightly wounded.
Your blood armour dries and flakes away.
The orc hits you but does no damage. The orc is struck by your spines.
The orc hits you.
Your blood congeals into armour.
You hit the orc.
You kill the orc!
The orc priest casts a cantrip, but nothing happens.
The orc priest invokes the aid of Beogh against you.
Pain shoots through your body!
Things that are here:
a dagger; a robe; an orc corpse You closely miss the orc priest.
The orc priest mumbles some strange prayers to Beogh against you.
Pain shoots through your body!
* * * LOW HITPOINT WARNING * * *
The orc priest invokes the aid of Beogh against you.
Beogh smites you!
You die...

#§.§.§.#...#.§.§.§#
#######...######## ######.##
#....#.# ## #......##### .#
#..........########### .#
#....#####...........#######
)###.##################........
.##..# .....oo@....##.#######
)##.## ###########....# .#..#
###..# .#.## #..# ....# #...#
.....# ....# ......# .....
#......# #...... ##.#.....
#....#..


You could see an orc priest and an orc.

Vanquished Creatures
  A bullfrog skeleton (D:4)
  2 orc priests (D:4)
  2 orc wizards (D:4)
  3 adders
  3 dart slugs (D:1)
  3 orcs (D:4)
  8 bats (D:1)
  2 giant cockroaches (D:1)
  3 goblins (D:1)
  5 hobgoblins (D:1)
  7 jackals
  A frilled lizard (D:4)
  A jackal skeleton (D:4)
  2 kobolds
  2 rats (D:1)
45 creatures vanquished.

Notes
Turn   | Place    | Note
-------+----------+-------------------------------------------
     0 | D:1      | ohad the Demonspawn Gladiator began the quest for the Orb.
     0 | D:1      | Reached XP level 1. HP: 16/16 MP: 1/1
   149 | D:1      | Reached skill level 3 in Long Blades
   155 | D:1      | Gained mutation: You have a pair of small horns on your head. [demonic ancestry]
   155 | D:1      | Reached XP level 2. HP: 5/22 MP: 2/2
   534 | D:1      | Reached skill level 1 in Armour
   721 | D:1      | Reached XP level 3. HP: 26/27 MP: 3/3
  1219 | D:2      | You fall through a shaft for 2 floors!
  1236 | D:4      | Gained mutation: You are partially covered in sharp spines. [demonic ancestry]
  1236 | D:4      | Reached XP level 4. HP: 13/33 MP: 4/4
  1270 | D:4      | Reached skill level 4 in Long Blades
  1270 | D:4      | Gained mutation: When seriously injured, your bleeding wounds create armour. (AC +6) [demonic ancestry]
  1270 | D:4      | Reached XP level 5. HP: 19/38 MP: 5/5
  1547 | D:4      | Got a warped long sword
  1548 | D:4      | Identified the cursed +2 long sword "Weostrod" {drain, Int+4} (You found it on level 4 of the Dungeon)
  1550 | D:4      | Found a glowing golden altar of the Shining One.
  1559 | D:4      | Found a basalt altar of Yredelemnul.
  1603 | D:4      | Killed from afar by an orc priest

Vault maps used:
D:1:      dpeg_arrival_castle
D:2:      grunt_dithmenos_smoke_and_mirrors, serial_undead, serial_undead_d,
          serial_undead_f, serial_undead_a, serial_undead_b
D:4:      grunt_temple_overflow_holy_war, serial_shops, shop

Skill      XL: |  1  2  3  4 |
---------------+-------------+-----
Long Blades    | 3 4 |  4.7
Armour         | 1 3 |  3.0
Fighting       | |  2.0
Throwing       | |  1.7
Dodging        | |  2.6

Action                   |  1- 3 |  4- 6 || total
-------------------------+-------+-------++-------
Melee: Long sword        |    90 |    27 ||   117
       Headbutt          |    15 |     7 ||    22
Throw: Throwing net      |     3 |     1 ||     4
 Stab: Held in net/web   |     1 |       ||     1
  Eat: Chunk             |     1 |     1 ||     2
Armor: Ring mail         |     6 |       ||     6
       Plate armour      |    92 |    12 ||   104
Dodge: Dodged            |    53 |     3 ||    56
       Rpst.: Long sword |    15 |     2 ||    17

Table legend:
 A = Spawn XP
 B = Non-spawn XP
 C = Spawn XP percentage of total XP
 D = Spawn monster count
 E = Non-spawn monster count
 F = Spawn count percentage of total count
 G = Total turns spent on level
                    A         B        C        D         E        F      G
               +---------+---------+-------+---------+---------+-------+---------
         Total |       0 |     311 |   0.0 |       0 |      45 |   0.0 |  1603
               +---------+---------+-------+---------+---------+-------+---------
           D:1 |       0 |      55 |   0.0 |       0 |      27 |   0.0 |  1152
           D:2 |       0 |      22 |   0.0 |       0 |       6 |   0.0 |    67
           D:4 |       0 |     234 |   0.0 |       0 |      12 |   0.0 |   384
               +---------+---------+-------+---------+---------+-------+---------
